 Dungeon Crawl Stone Soup version 0.29.0-4-gdea44cf6ec (webtiles) character file.

Game seed: 4101737538568315541

41 qw the Vexing (level 3, 0/35 HPs)
             Began as an Ogre Enchanter on Sept 4, 2022.
             Killed by divine providence
             ... invoked by an orc priest
              (11 damage)
             ... on level 2 of the Dungeon.
             The game lasted 00:01:00 (2113 turns).

qw the Vexing (Ogre Enchanter)                      Turns: 2113, Time: 00:01:00

Health: 0/35       AC:  3    Str: 14    XL:     3   Next: 52%
Magic:  6/6        EV:  9    Int: 16    God:
Gold:   86         SH:  0    Dex:  9    Spells: 6/6 levels left

rFire   . . .      SeeInvis .   c - +0 whip
rCold   . . .      Faith    .   (no shield)
rNeg    . . .      Spirit   .   b - +0 robe
rPois   .          Reflect  .   (helmet restricted)
rElec   .          Harm     .   (no cloak)
rCorr   .          Rampage  .   (gloves unavailable)
Will    .....                   (boots unavailable)
Stlth   ++........              (no amulet)
HPRegen 0.11/turn               (no ring)
MPRegen 0.10/turn               (no ring)

@: no status effects
A: large, unfitting armour, tough skin 1
a: no special abilities


You were on level 2 of the Dungeon.
You visited 1 branch of the dungeon, and saw 2 of its levels.

You collected 86 gold pieces.


Innate Abilities, Weirdness & Mutations

You are too large for most types of armour.
You have tough skin. (AC +1)


   Skills:
 - Level 2.0 Fighting
 - Level 0.8 Short Blades
 + Level 2.5 Axes
 - Level 1.7 Dodging
 - Level 2.1 Stealth
 - Level 2.4 Spellcasting
 - Level 2.6 Hexes


You had 6 spell levels left.
You didn't know any spells.
Your spell library contained the following spells:

 Spells                   Type           Power      Damage    Failure   Level
 Ensorcelled Hibernation  Hex/Ice        12%        N/A       17%         2
 Confusing Touch          Hex            10%        N/A       21%         3
 Tukima's Dance           Hex            10%        N/A       21%         3
 Dazzling Flash           Conj/Hex       12%        N/A       34%         3

Inventory:

Hand Weapons
 c - a +0 whip (weapon)
Armour
 b - a +0 robe (worn)
Scrolls
 d - 2 scrolls of identify {unknown}
Potions
 a - a potion of cancellation {unknown}
 e - a potion of haste
 f - a potion of lignification {unknown}
 g - a potion of heal wounds
 k - a potion of attraction {unknown}

Dungeon Overview and Level Annotations

Branches:
Dungeon (2/15)

Altars:


Message History

The orc priest calls down the wrath of Beogh upon you.
Beogh smites you! The orc hits you with a +0 short sword.
You closely miss the orc priest. The orc closely misses you.
The orc priest closely misses you.
You hit the orc priest.
The orc priest is moderately wounded.
The orc priest hits you with a +0 hand axe.
The orc hits you with a +0 short sword.
You closely miss the orc priest.
The orc priest is moderately wounded.
The orc priest hits you with a +0 hand axe.
The orc hits you with a +0 short sword.
2107 ||| DRINKING 3 potions of heal wounds.
You feel much better. The orc barely misses you.
The orc priest hits you with a +0 hand axe.
You barely miss the orc priest.
The orc priest is moderately wounded.
The orc priest hits you with a +0 hand axe.
The orc hits you with a +0 short sword.
You hit the orc priest.
The orc priest is moderately wounded.
The orc priest calls down the wrath of Beogh upon you.
Pain shoots through your body! The orc hits you with a +0 short sword.
You barely miss the orc priest.
The orc priest is moderately wounded.
The orc priest mumbles some strange prayers to Beogh against you.
Beogh smites you! The orc hits you but does no damage.
2111 ||| DRINKING 2 potions of heal wounds.
You feel much better.
The orc priest hits you with a +0 hand axe.
The orc hits you with a +0 short sword.
You hit the orc priest but do no damage.
The orc priest is moderately wounded.
The orc misses you. The orc priest closely misses you.
You hit the orc priest.
The orc priest is heavily wounded.
The orc priest invokes the aid of Beogh against you.
Beogh smites you!
You die...

#%####.# ... ##......#
#.# ####........ #.#
#........... #.#
##%#......... #.#
##..#.........
####.###..##.........
##....#...###.........
#...o@.....###........
#....o..)....##........
#......................
#................
##................
##...##...###.... ####
##### .... ..


You could see an orc priest and an orc.

Vanquished Creatures
  A worm (D:2)
  An orc (D:2)
  3 endoplasms (D:1)
  3 giant cockroaches (D:2)
  5 goblins (D:1)
  2 hobgoblins (D:1)
  3 kobolds (D:2)
  2 quokkas
  3 ball pythons
  A bat (D:1)
  2 frilled lizards
  7 rats
33 creatures vanquished.

Notes
Turn   | Place    | Note
-------+----------+-------------------------------------------
     0 | D:1      | qw the Ogre Enchanter began the quest for the Orb.
     0 | D:1      | Reached XP level 1. HP: 16/16 MP: 3/3
     0 | D:1      | 0 ||| qw: Version: 0.1-a-103-gd6f5d3a
     0 | D:1      | 0 ||| qw: Game counter: 5513
     0 | D:1      | 0 ||| qw: Always use a shield: true
     0 | D:1      | 0 ||| qw: God list: Okawaru
     0 | D:1      | 0 ||| qw: Allow faded altars: false
     0 | D:1      | 0 ||| qw: Do Orc after D:15 true
     0 | D:1      | 0 ||| qw: Do second Lair branch before Depths: true
     0 | D:1      | 0 ||| qw: Lair rune preference: random
     0 | D:1      | 0 ||| qw: Plans: Normal
     0 | D:1      | 0 ||| PLANNING D:1-11
   157 | D:1      | Reached skill level 1 in Axes
   223 | D:1      | 223 ||| SWAPPING to +0 club.
   224 | D:1      | 224 ||| DROPPING +1 dagger.
   316 | D:1      | Reached skill level 1 in Fighting
   316 | D:1      | Reached XP level 2. HP: 25/27 MP: 5/5
   360 | D:1      | 360 ||| Stepping ~*~*~tactically~*~*~ (stealth).
   366 | D:1      | 366 ||| Stepping ~*~*~tactically~*~*~ (outnumbered).
  1362 | D:1      | 1362 ||| Stepping ~*~*~tactically~*~*~ (stealth).
  1689 | D:1      | 1689 ||| READING scroll labelled GAKOAC NITSOA.
  1690 | D:1      | 1690 ||| READING scroll labelled URGHUE KIABEPPE.
  1691 | D:1      | 1691 ||| READING scroll labelled LOAB NUSHEFET.
  1692 | D:1      | 1692 ||| READING scroll labelled PIUWKINETZ.
  1693 | D:1      | 1693 ||| DRINKING 2 amethyst potions.
  1694 | D:1      | 1694 ||| DRINKING 4 fuming emerald potions.
  1695 | D:1      | 1695 ||| DROPPING 2 potions of invisibility.
  1755 | D:2      | 1755 ||| Stepping ~*~*~tactically~*~*~ (stealth).
  1758 | D:2      | Reached XP level 3. HP: 35/35 MP: 6/6
  1808 | D:2      | 1808 ||| SWAPPING to +0 whip.
  1809 | D:2      | 1809 ||| DROPPING +0 club.
  1839 | D:2      | 1839 ||| Stepping ~*~*~tactically~*~*~ (outnumbered).
  1840 | D:2      | 1840 ||| Stepping ~*~*~tactically~*~*~ (stealth).
  1863 | D:2      | 1863 ||| FLEEEEING.
  1872 | D:2      | 1872 ||| FLEEEEING.
  1873 | D:2      | 1873 ||| FLEEEEING.
  1874 | D:2      | 1874 ||| FLEEEEING.
  1875 | D:2      | 1875 ||| FLEEEEING.
  1876 | D:2      | 1876 ||| FLEEEEING.
  2106 | D:2      | HP: 8/35 [orc priest/+0 hand axe (6)]
  2107 | D:2      | 2107 ||| DRINKING 3 potions of heal wounds.
  2110 | D:2      | HP: 2/35 [orc priest/divine providence (15)]
  2111 | D:2      | 2111 ||| DRINKING 2 potions of heal wounds.
  2113 | D:2      | Killed from afar by an orc priest

Levels and vault maps discovered:
D:1:      minmay_arrival_split_and_join, layout_basic
D:2:      layout_rooms, hellmonk_ecumenical_altar_slurped_away

Skill      XL: |  1  2  3 |
---------------+----------+-----
Axes           | 1 2 |  2.5
Fighting       | 1 2 |  2.0
Short Blades   | |  0.8
Dodging        | |  1.7
Stealth        | |  2.1
Spellcasting   | |  2.4
Hexes          | |  2.6

Action                   || total
-------------------------++-------
Melee: Dagger            ||     9
       Club              ||   112
       Punch             ||     1
       Whip              ||    47
  Use: Scroll            ||     4
       Potion            ||     4
Armor: Robe              ||    40
Dodge: Dodged            ||    65

Table legend:
 A = Non-vault XP
 B = Vault XP
 C = Vault XP percentage of total XP
 D = Non-vault monster count
 E = Vault monster count
 F = Vault count percentage of total count
                 A         B        C        D         E       F
            +---------+---------+-------+---------+---------+-------
      Total |      59 |       0 |   0.0 |      33 |       0 |   0.0
            +---------+---------+-------+---------+---------+-------
        D:1 |      31 |       0 |   0.0 |      20 |       0 |   0.0
        D:2 |      28 |       0 |   0.0 |      13 |       0 |   0.0
            +---------+---------+-------+---------+---------+-------
